 Dungeon Crawl Stone Soup version 0.30.1-11-g7821555f0a (webtiles) character file.

Game seed: 3008623039807102547

37 Lukaschki the Chopper (level 3, -1/34 HPs)
             Began as a Hill Orc Cinder Acolyte on Jan 7, 2024.
             Was an Initiate of Ignis.
             Slain by an orc wizard
             ... wielding a +0 dagger
              (3 damage)
             ... on level 4 of the Dungeon.
             The game lasted 00:19:52 (1756 turns).

Lukaschki the Chopper (Hill Orc Cinder Acolyte)     Turns: 1756, Time: 00:19:52

Health: -1/34      AC:  2    Str: 16    XL:     3   Next: 41%
Magic:  3/4        EV: 11    Int: 16    God:    Ignis [......]
Gold:   91         SH:  0    Dex:  6    Spells: 2/4 levels left

rFire   + . .        a - -1 hand axe (flame)
rCold   . . .        (no shield)
rNeg    . . .        b - +0 robe
rPois   .            (no helmet)
rElec   .            (no cloak)
rCorr   .            (no gloves)
SInv    .            (no boots)
Will    .....        (no amulet)
Stlth   +            (no ring)
HPRegen 0.25/turn    (no ring)
MPRegen 0.09/turn

%: no passive effects
@: no status effects
A: no striking features
a: Renounce Religion


You were on level 4 of the Dungeon.
You worshipped Ignis.
Ignis was noncommittal.
You visited 1 branch of the dungeon, and saw 4 of its levels.

You collected 91 gold pieces.

Inventory:

Hand Weapons
 a - a -1 hand axe of flaming (weapon)
 c - a +0 trident
Armour
 b - a +0 robe (worn)
Magical Staves
 e - a staff of poison
Scrolls
 g - a scroll of summoning
 j - a scroll of acquirement {unknown}
Potions
 d - a potion of curing
 f - 2 potions of attraction
 h - a potion of flight {unknown}


   Skills:
 + Level 4.4 Fighting
 + Level 4.8 Axes
 + Level 1.0 Spellcasting
 * Level 3.6 Fire Magic


You had 2 spell levels left.
You knew the following spells:

 Your Spells              Type           Power      Damage    Failure   Level
a - Scorch                Fire           24%        2d6       8%          2

Your spell library contained the following spells:

 Spells                   Type           Power      Damage    Failure   Level
 Shock                    Conj/Air       0%         1d3       22%         1
 Swiftness                Air            0%         N/A       56%         3
 Airstrike                Air            0%         2d(0-16)  92%         4


Dungeon Overview and Level Annotations

Branches:
Dungeon (4/15)
 Temple: D:4-7

Altars:


Message History

You bump into the rock wall.
Something hits you.
You're too confused to cast spells.
You closely miss something. Something hits you.
You completely miss something. Something hits you.
You bump into the rock wall.
Something hits you. Something hits you.
* * * LOW HITPOINT WARNING * * *
Something hits you but does no damage. Something hits you but does no damage.
Something hits you.
* * * LOW HITPOINT WARNING * * *
Something hits you.
* * * LOW HITPOINT WARNING * * *
There is an escape hatch in the floor here.
You feel less confused. Something hits you.
* * * LOW HITPOINT WARNING * * *
You slide downwards.
The hatch slams shut behind you.
Reactivating autopickup.
The adder hisses angrily.
The hobgoblin shouts!
The frilled lizard hisses angrily.
Found a hand axe, 2 scrolls labelled DIWNIA JUSMILI and a brown potion.
Found two stone staircases leading up and a stone staircase leading down.
There is a stone staircase leading down here.
Something hits you.
* * * LOW HITPOINT WARNING * * *
Deactivating autopickup; reactivate with Ctrl-A.
You climb downwards.
You hear the hiss of flowing sand.
There is an entrance to an ossuary on this level.
Hurry and find it before the portal is buried!
Reactivating autopickup.
There is a stone staircase leading up here.
You start resting.
Something hits you but does no damage.
Deactivating autopickup; reactivate with Ctrl-A.
You start resting.
Something hits you.
* * * LOW HITPOINT WARNING * * *
You hear some strange, mumbled words.
Something tries to affect you, but you resist.
Something hits you.
You die...

##
######.#
#...@<.#
#.####.#
# ...
..## ...
....
.....
......


There were no monsters in sight!

Vanquished Creatures
  A dart slug (D:1)
  4 orcs (D:2)
  4 bats (D:1)
  3 endoplasms (D:1)
  3 goblins (D:1)
  2 hobgoblins (D:1)
  2 kobolds (D:1)
  A quokka (D:2)
  3 ball pythons (D:1)
  4 frilled lizards
  A rat (D:2)
28 creatures vanquished.

Vanquished Creatures (collateral kills)
  A rat (D:1)
1 creature vanquished.

Vanquished Creatures (others)
  64 foxfires (D:1)
64 creatures vanquished.

Grand Total: 93 creatures vanquished

Notes
Turn   | Place    | Note
-------+----------+-------------------------------------------
     0 | D:1      | Lukaschki the Hill Orc Cinder Acolyte began the quest for
                  | the Orb.
     0 | D:1      | Reached XP level 1. HP: 19/19 MP: 2/2
   165 | D:1      | Reached XP level 2. HP: 3/27 MP: 3/3
   166 | D:1      | HP: 1/27 [bat (1)]
   279 | D:1      | Learned a level 2 spell: Scorch
   718 | D:1      | Reached XP level 3. HP: 33/33 MP: 0/4
  1570 | D:2      | HP: 1/34 [something/magic dart (8)]
  1709 | D:1      | You fall into a shaft and drop 1 floor!
  1753 | D:4      | HP: 1/34 [something (1)]
  1756 | D:4      | Slain by an orc wizard

Illustrated notes

Levels and vault maps discovered:
D:1:      dpeg_arrival_pond, layout_loops_ring
D:2:      cheibrodos_old_hovel, layout_basic, serial_shops, shop,
          hellmonk_ecumenical_altar_defaced_shrine
D:3:      layout_rooms, minmay_diced_spiral
D:4:      kennysheep_big_flooded_room, layout_basic,
          mainiacjoe_overflow_concentric_impassable,
          ebering_ghost_disaster_area, serial_shops, nicolae_shop_hallway_plus,
          shop, nicolae_lakefront_shop, nicolae_ossuary_entry_giza,
          minmay_misc_feat_hallway, minmay_manual_monstrance

Skill      XL: |  1 |
---------------+----+-----
Fighting       | 4 |  4.4
Axes           | |  4.8
Spellcasting   | |  1.0
Fire Magic     | |  3.6

Action                     || total
---------------------------++-------
  Melee: Hand axe          ||    46
         Punch             ||     1
   Cast: Scorch            ||    10
 Invoke: Foxfire Swarm     ||     8
         Rising Flame      ||     1
    Use: Scroll            ||     4
 Armour: Robe              ||    26
  Dodge: Dodged            ||    39
